 Dungeon Crawl Stone Soup version 0.29-a0-275-g389c0b56f3 (webtiles) character file.

Game seed: 7966670687308308805

10943 epen the Frost Mage (level 11, -1/87 (94) HPs)
             Began as a Demigod Ice Elementalist on Mar 11, 2022.
             Slain by a wight
             ... wielding the +9 hand axe of Greatest Utility {freeze, rC+}
              (16 damage)
             ... on level 10 of the Dungeon.
             The game lasted 00:21:19 (11511 turns).

epen the Frost Mage (Demigod Ice Elementalist)     Turns: 11511, Time: 00:21:20

HP:   -1/87 (94)    AC: 17    Str:  9    XL:     11   Next: 19%
MP:   16/26         EV: 15    Int: 29    God:
Gold: 606           SH:  0    Dex: 14    Spells: 10/25 levels left

rFire   . . .      SeeInvis .   g - +4 short sword (venom)
rCold   . . .      Faith    .   (no shield)
rNeg    . . .      Spirit   .   I - +0 troll leather armour
rPois   .          Reflect  .   m - +0 helmet
rElec   .          Harm     .   q - +2 cloak
rCorr   .          Rampage  .   (no gloves)
Will    +....                   e - +1 pair of boots
Stlth   ++........              (no amulet)
HPRegen 1.04/turn               (no ring)
MPRegen 0.20/turn               (no ring)

@: ice-armoured, freezing walls, drained
A: high MP 1, forlorn, divine attributes
a: no special abilities


You were on level 10 of the Dungeon.
You visited 1 branch of the dungeon, and saw 10 of its levels.
You also visited: Ossuary.

You collected 606 gold pieces.

Inventory:

Hand Weapons
 g - a +4 short sword of venom (weapon)
 u - a +1 spear of venom
 K - a +3 dagger of distortion
Missiles
 s - a throwing net
Armour
 a - a +0 robe
 e - a +1 pair of boots (worn)
 l - a +0 cloak
 m - a +0 helmet (worn)
 q - a +2 cloak (worn)
 I - a +0 troll leather armour (worn)
 L - +0 steam dragon scales
Magical Staves
 c - a staff of air
Jewellery
 f - a ring of fire
Wands
 n - a wand of paralysis (3)
 y - a wand of flame (23)
 G - a wand of iceblast (13)
Scrolls
 d - 3 scrolls of amnesia
 h - a scroll of noise
 p - 7 scrolls of identify
 t - 4 scrolls of teleportation
 x - a scroll of blinking
 D - 3 scrolls of enchant armour
 E - a scroll of fear
 F - a scroll of magic mapping
Potions
 b - 3 potions of magic
 i - a potion of ambrosia
 j - a potion of lignification
 k - a potion of might
 o - 3 potions of curing
 r - a potion of attraction {unknown}
 v - a potion of cancellation
 w - 4 potions of brilliance
 z - a potion of berserk rage
 A - a potion of degeneration
 B - 2 potions of haste
 C - 2 potions of mutation {unknown}
 H - a potion of flight {unknown}


   Skills:
 + Level 8.1 Fighting
 + Level 8.4 Dodging
 - Level 1.7 Stealth
 + Level 7.7 Spellcasting
 + Level 3.3 Conjurations
 + Level 9.1 Ice Magic


You had 10 spell levels left.
You knew the following spells:

 Your Spells              Type           Power      Damage    Failure   Level
a - Freeze                Ice            100%       1d11      1%          1
b - Frozen Ramparts       Ice            100%       1d12      1%          3
c - Ozocubu's Armour      Ice            59%        N/A       1%          3
d - Hailstorm             Conj/Ice       47%        3d11      4%          4
e - Ice Form              Ice/Tmut       37%        N/A       11%         4

Your spell library contained the following spells:

 Spells                   Type           Power      Damage    Failure   Level
 Sting                    Tmut/Pois      44%        1d5       7%          1
 Poisonous Vapours        Pois/Air       22%        N/A       10%         2
 Dazzling Flash           Conj/Hex       40%        N/A       10%         3
 Tukima's Dance           Hex            11%        N/A       21%         3
 Olgreb's Toxic Radiance  Pois           11%        N/A       54%         4
 Passage of Golubria      Tloc           11%        N/A       54%         4
 Ozocubu's Refrigeration  Ice            29%        4d10      80%         7
 Simulacrum               Ice/Necr       18%        N/A       85%         6
 Yara's Violent Unravell  Hex/Tmut       5%         3d4       88%         5
 Enfeeble                 Hex            5%         N/A       100%        7
 Ignition                 Fire           5%         3d4       100%        8


Dungeon Overview and Level Annotations

Branches:
Dungeon (10/15)            Temple (0/1) D:7            Lair (0/6) D:9
Ossuary (visited)
    Orc: D:9-12

Shops:
D:3 ?   D:4 [

Portals:
Bailey: D:10


Innate Abilities, Weirdness & Mutations

You have an increased reservoir of magic. (+10% MP)
You shall have no god before yourself.
Your divine heritage dramatically boosts your attributes as you level up.


Message History

* * * LOW HITPOINT WARNING * * *
You barely miss the wight.
The wight is almost destroyed.
The wight completely resists.
The wall freezes the wight but does no damage.
The wight hits you but does no damage.
The wight resists.
The wall freezes the wight.
The wight resists.
The wall freezes the wight.
The wight closely misses you.
You hit the wight but do no damage.
The wight is almost destroyed.
The wight completely resists.
The wall freezes the wight but does no damage.
The wight hits you with the +9 hand axe of Greatest Utility {freeze, rC+}.
* * * LOW HITPOINT WARNING * * *
The wight freezes you.
* * * LOW HITPOINT WARNING * * *
The wight resists.
The wall freezes the wight.
The wight resists.
The wall freezes the wight.
You destroy the wight!
Press: ? - help, v - describe, . - travel, g - get item
Items here: ! $ ( )) / [[.
The floor, spattered with blood.
You barely miss the wight.
A wight comes into view.
It is wielding a +3 short sword of freezing.
The wight completely resists.
The wall freezes the wight but does no damage.
The wight hits you with the +9 hand axe of Greatest Utility {freeze, rC+}.
* * * LOW HITPOINT WARNING * * *
You feel drained.
* * * LOW HITPOINT WARNING * * *
The wight freezes you.
* * * LOW HITPOINT WARNING * * *
The wight completely resists.
The wall freezes the wight but does no damage.
You hit the wight but do no damage.
The wight is heavily damaged.
The wight completely resists.
The wall freezes the wight but does no damage.
The wight hits you with the +9 hand axe of Greatest Utility {freeze, rC+}!
You die...

###### ###....# #......#
******####..)..z#########********
,,,,,,.....)∩).z@.....(..,,,,,,,*
********#...).z##########*****,,*
##.....# *,,*
####.#######*********,,*
*****########........,,,,,,,,,,,*
,,,,,................,,,,,,,,,,,*
,,,,,.../....########**********,*
*****######..# *,* #..# *,*


You could see 3 wights.

Vanquished Creatures
  Harold (D:10)
  2 centaur warriors (D:8)
  A two-headed ogre (D:9)
  A manticore (D:8)
  Maggie (D:10)
  A komodo dragon (D:9)
  Psyche (D:9)
  A troll (D:9)
  Grinder (D:3)
  Sigmund (D:2)
  2 wyverns (D:9)
  3 steam dragons
  2 basilisks (D:9)
  12 yaks
  Menkaure (Ossuary)
  4 water moccasins
  4 orc warriors
  2 sky beasts
  2 ice beasts
  2 ogres
  2 centaurs
  A kobold brigand (D:7)
  4 bullfrogs
  A necrophage (D:5)
  2 gnoll sergeants
  A scorpion (D:7)
  2 wights
  4 killer bees (D:8)
  2 electric eels
  6 howler monkeys
  3 jellies
  3 hounds (D:5)
  Crazy Yiuf (D:3)
  A gnoll shaman (D:8)
  6 orc priests
  Terence (D:3)
  4 iguanas
  13 orc wizards
  3 mummies (Ossuary)
  Robin (D:2)
  25 gnolls
  5 adders
  A shadow imp (D:6)
  3 white imps (D:7)
  4 ufetubi
  4 worms
  A dart slug (D:4)
  37 orcs
  6 endoplasms
  3 giant cockroaches
  5 gnoll zombies (Ossuary)
  7 goblins
  12 hobgoblins
  10 jackals
  9 kobolds
  3 ball pythons
  3 frilled lizards (D:2)
  4 gnoll skeletons (Ossuary)
  4 goblin skeletons (Ossuary)
  8 goblin zombies (Ossuary)
  2 hobgoblin skeletons (Ossuary)
  2 hobgoblin zombies (Ossuary)
  2 kobold skeletons (Ossuary)
  2 kobold zombies (Ossuary)
  9 orc skeletons (Ossuary)
  4 orc zombies (Ossuary)
  3 rats
  4 rat skeletons (Ossuary)
  5 rat zombies
293 creatures vanquished.

Notes
Turn   | Place    | Note
-------+----------+-------------------------------------------
     0 | D:1      | epen the Demigod Ice Elementalist began the quest for the
                  | Orb.
     0 | D:1      | Reached XP level 1. HP: 14/14 MP: 5/5
  1033 | D:2      | Reached XP level 2. HP: 5/22 MP: 2/7
  1667 | D:2      | Reached skill level 1 in Fighting
  1679 | D:2      | Reached XP level 3. HP: 17/28 MP: 5/8
  1805 | D:2      | Learned a level 3 spell: Frozen Ramparts
  2015 | D:2      | Noticed Sigmund
  2189 | D:2      | Killed Sigmund
  2190 | D:2      | Reached skill level 4 in Ice Magic
  2190 | D:2      | Reached XP level 4. HP: 36/36 MP: 2/11
  2190 | D:2      | Reached XP level 5. HP: 41/41 MP: 2/12
  2325 | D:2      | Noticed Robin
  2334 | D:2      | Killed Robin
  2579 | D:3      | Found a runed translucent door.
  2580 | D:3      | Noticed Crazy Yiuf
  2755 | D:3      | Noticed Terence
  2761 | D:3      | Killed Terence
  2870 | D:3      | Noticed Grinder
  2885 | D:3      | Reached XP level 6. HP: 44/50 MP: 9/13
  2889 | D:3      | Learned a level 3 spell: Ozocubu's Armour
  2901 | D:3      | Paralysed by Grinder for 4 turns
  2907 | D:3      | Paralysed by Grinder for 6 turns
  2929 | D:3      | Paralysed by Grinder for 5 turns
  2948 | D:3      | Paralysed by Grinder for 2 turns
  2955 | D:3      | Killed Grinder
  2956 | D:3      | Reached skill level 5 in Ice Magic
  3210 | D:3      | Found Naaj's Magic Scroll Emporium.
  3712 | D:3      | Killed Crazy Yiuf
  3934 | D:4      | Reached XP level 7. HP: 38/57 MP: 12/15
  4085 | D:4      | Found Yppoesoch's Armour Shop.
  4551 | D:5      | Entered Level 5 of the Dungeon
  5008 | D:5      | Reached XP level 8. HP: 42/66 MP: 14/17
  5521 | D:5      | Reached skill level 5 in Dodging
  5521 | D:5      | Reached skill level 6 in Ice Magic
  5715 | D:6      | Found a sand-covered staircase.
  5746 | Ossuary  | Entered an ossuary
  6163 | Ossuary  | Noticed Menkaure
  6172 | Ossuary  | Killed Menkaure
  6176 | Ossuary  | Reached skill level 5 in Spellcasting
  6344 | D:6      | Reached skill level 5 in Fighting
  6379 | D:6      | Learned a level 4 spell: Hailstorm
  7333 | D:7      | Found a staircase to the Ecumenical Temple.
  7394 | D:7      | Reached XP level 9. HP: 55/74 MP: 20/20
  7780 | D:7      | Reached skill level 7 in Ice Magic
  8969 | D:8      | Noticed a centaur warrior
  8985 | D:8      | HP: 3/78 [centaur warrior (10)]
  8988 | D:8      | Killed a centaur warrior
  9136 | D:8      | Noticed a centaur warrior
  9143 | D:8      | Killed a centaur warrior
  9144 | D:8      | Reached skill level 8 in Ice Magic
  9144 | D:8      | Reached XP level 10. HP: 36/84 MP: 21/24
  9208 | D:8      | Noticed a manticore
  9213 | D:8      | Killed a manticore
 10563 | D:9      | Reached skill level 1 in Conjurations
 10665 | D:9      | Noticed a two-headed ogre
 10667 | D:9      | Learned a level 4 spell: Ice Form
 10683 | D:9      | Killed a two-headed ogre
 10743 | D:9      | Noticed Psyche
 10751 | D:9      | Killed Psyche
 11101 | D:9      | Reached XP level 11. HP: 44/94 MP: 8/26
 11214 | D:9      | Found a staircase to the Lair.
 11241 | D:9      | Got the Reference Book on the Bewitching Frostbite
 11388 | D:10     | Entered Level 10 of the Dungeon
 11404 | D:10     | Noticed Maggie
 11412 | D:10     | Killed Maggie
 11467 | D:10     | Reached skill level 9 in Ice Magic
 11479 | D:10     | Noticed Harold
 11480 | D:10     | Found a flagged portal.
 11496 | D:10     | Killed Harold
 11501 | D:10     | Identified the +9 hand axe of Greatest Utility {freeze,
                  | rC+}
 11511 | D:10     | Slain by a wight

Illustrated notes

Levels and vault maps discovered:
D:1:      lemuel_arrival_room, layout_basic,
          hellmonk_ecumenical_altar_leap_of_faith
D:2:      layout_loops_ring, uniq_sigmund, uniq_robin
D:3:      layout_basic, general_overflow_altar, serial_shops,
          nicolae_shop_stone, minmay_box_of_dots, uniq_grinder, uniq_terence,
          uniq_crazy_yiuf_cottage
D:4:      nicolae_cairo_tiling, layout_basic,
          mainiacjoe_overflow_six_doors_small, grunt_temple_overflow_open,
          serial_shops, nicolae_shop_waterfront
D:5:      layout_rooms, guppyfry_early_orc_mine
D:6:      layout_basic, enter_ossuary_3, minmay_bent
D:7:      layout_basic, minmay_temple_entry_purple_smoke, fountainhead
D:8:      minmay_slanted_spiral_squares, layout_cave_pools
D:9:      layout_rooms, erik_lair_dragon, uniq_psyche
D:10:     layout_long_grid, kennysheep_mini, enter_bailey_2,
          eino_small_chamber_without_monster, minmay_misc_feat_iff,
          minivault_14, uniq_joseph, uniq_harold, uniq_maggie

Skill      XL: |  1  2  3  4  5  6  7  8  9 10 11 |
---------------+----------------------------------+-----
Dodging        | 2 3 4 5 7 8 |  8.4
Spellcasting   | 2 3 4 5 6 7 |  7.7
Fighting       | 1 2 3 4 5 6 7 8 |  8.1
Ice Magic      | 4 5 6 8 9 |  9.1
Conjurations   | 2 3 |  3.3
Stealth        | |  1.7

Action                   |  1- 3 |  4- 6 |  7- 9 | 10-12 || total
-------------------------+-------+-------+-------+-------++-------
Melee: Short sword       |    37 |    76 |   416 |   108 ||   637
       Staff             |     4 |       |       |       ||     4
       Punch             |       |       |     7 |       ||     7
 Cast: Freeze            |    20 |    14 |    29 |     8 ||    71
       Frozen Ramparts   |     2 |     9 |    36 |    20 ||    67
       Ozocubu's Armour  |       |     1 |     4 |    10 ||    15
       Hailstorm         |       |       |       |    10 ||    10
Evoke: Wand              |       |       |     1 |     4 ||     5
  Use: Scroll            |       |     6 |    11 |     4 ||    21
       Potion            |       |     1 |     2 |       ||     3
 Stab: Sleeping          |     4 |     3 |     2 |       ||     9
Armor: Robe              |    13 |    25 |   149 |    13 ||   200
       Troll leather arm |       |       |       |    28 ||    28
Dodge: Dodged            |    28 |    53 |   344 |    89 ||   514

Table legend: (Time is in decaauts)
 A = Elapsed time spent in this place.
 B = Non-inter-level travel time spent in this place.
 C = Inter-level travel time spent in this place.
 D = Time resting spent in this place.
 E = Time spent auto-exploring this place.
 F = Levels seen in this place.
 G = Mean time per level.
                   A        B        C        D        E       F      G
               +--------+--------+--------+--------+--------+-----+--------+
         Total |  11576 |  11353 |    223 |   2513 |   6759 |  11 | 1052.4 |
       Dungeon |  10997 |  10774 |    223 |   2511 |   6459 |  10 | 1099.7 |
       Ossuary |    579 |    579 |      0 |      2 |    300 |   1 |  579.0 |
               +--------+--------+--------+--------+--------+-----+--------+

Top non-repeatable levels by time:
     D:8: 1566 daAuts
     D:2: 1565 daAuts
     D:7: 1307 daAuts
     D:3: 1277 daAuts
     D:9: 1203 daAuts
     D:5: 1123 daAuts
     D:6: 1057 daAuts
     D:1: 1002 daAuts
     D:4: 768 daAuts
 Ossuary: 579 daAuts
    D:10: 125 daAuts
